 Dungeon Crawl Stone Soup version 0.31-a0-198-g2ad674f65e (webtiles) character file.

Game seed: 16602993997918850291

198 qw the Skirmisher (level 5, -4/29 HPs)
             Began as a Deep Elf Hunter on June 25, 2023.
             Slain by a gnoll bouda
             ... wielding a +0 whip
              (7 damage)
             ... on level 4 of the Dungeon.
             The game lasted 00:00:58 (2858 turns).

qw the Skirmisher (Deep Elf Hunter)                 Turns: 2858, Time: 00:00:58

Health: -4/29      AC:  6    Str: 10    XL:     5   Next: 47%
Magic:  7/7        EV: 12    Int: 14    God:
Gold:   297        SH:  0    Dex: 18    Spells: 4/4 levels left

rFire   . . .        Y - +0 shortbow
rCold   . . .        (shield currently unavailable)
rNeg    + . .        d - +2 leather armour {Will+}
rPois   .            (no helmet)
rElec   .            (no cloak)
rCorr   .            c - +0 pair of gloves
SInv    .            (no boots)
Will    +....        f - amulet of regeneration
Stlth   ++           g - ring of positive energy
HPRegen 1.04/turn    (no ring)
MPRegen 0.10/turn

%: no passive effects
@: weakened
A: no striking features
a: no special abilities


You were on level 4 of the Dungeon.
You visited 1 branch of the dungeon, and saw 4 of its levels.

You collected 297 gold pieces.


   Skills:
 - Level 1.5 Fighting
 - Level 9.0 Ranged Weapons
 + Level 2.4 Dodging
 - Level 1.2 Stealth


You had 4 spell levels left.
You didn't know any spells.
Your spell library was empty.

Inventory:

Hand Weapons
 Y - a +0 shortbow (weapon)
Armour
 c - a +0 pair of gloves (worn)
 d - a +2 leather armour of willpower (worn)
 j - a +0 ring mail
Jewellery
 f - an amulet of regeneration (around neck)
 g - a ring of positive energy (left hand)
Potions
 b - a potion of might {unknown}
 e - a potion of berserk rage {unknown}
 h - a potion of curing

Dungeon Overview and Level Annotations

Branches:
Dungeon (4/15)
 Temple: D:4-7

Altars:
Hepliaklqana
Zin

Shops:
D:1 !


Message History

The arrow hits the orc wizard!
You kill the orc wizard!
The orc hits you but does no damage.
Your Ranged Weapons skill increases to level 9!
You shoot an arrow. The arrow hits the orc!
You kill the orc!
You shoot an arrow. The arrow hits the gnoll bouda.
The gnoll bouda is lightly wounded.
An ogre comes into view. It is wielding a +0 giant spiked club.
You shoot an arrow. The arrow hits the gnoll bouda.
The gnoll bouda is lightly wounded.
The gnoll barely misses you. The gnoll bouda barely misses you.
You shoot an arrow.
The arrow hits the gnoll bouda but does no damage.
The gnoll bouda is lightly wounded.
The gnoll hits you but does no damage.
The gnoll bouda hits you with a +0 whip.
You shoot an arrow. The arrow hits the gnoll bouda.
The gnoll bouda is moderately wounded.
The gnoll is no longer moving quickly.
The gnoll hits you from afar with a +0 spear.
The gnoll bouda gazes fiercely through you!
You feel your attacks grow feeble. The gnoll bouda barely misses you.
You shoot an arrow. The arrow hits the gnoll bouda.
The gnoll bouda is heavily wounded.
The gnoll hits you from afar with a +0 spear.
The gnoll bouda hits you with a +0 whip.
You shoot an arrow.
The arrow hits the gnoll bouda but does no damage.
The gnoll bouda is heavily wounded.
The gnoll hits you from afar with a +0 spear.
The gnoll bouda barks out a call to the hunt!
The gnoll picks up the pace!
You shoot an arrow.
The arrow hits the gnoll bouda but does no damage.
The gnoll bouda is heavily wounded.
The gnoll is no longer moving quickly.
The gnoll barely misses you.
The gnoll bouda hits you with a +0 whip!
You die...

#.# #... #..#
#..# ... ##.# #
# ##..###g#.#.
#.##...)ggo....
#.....@g##.....
#.##...## ##.
##.## #.# #.##
#..# ##.###
####### ##...##
#.....#
##.....###


You could see a gnoll bouda, 3 gnolls and an orc.

Vanquished Creatures
  An orc priest (D:4)
  An orc wizard (D:4)
  7 adders
  2 worms
  2 dart slugs (D:2)
  6 orcs
  9 ball pythons
  5 bats
  4 endoplasms
  A giant cockroach (D:1)
  3 goblins
  8 hobgoblins
  7 jackals (D:1)
  3 kobolds
  5 frilled lizards
  5 rats
69 creatures vanquished.

Notes
Turn   | Place    | Note
-------+----------+-------------------------------------------
     0 | D:1      | qw the Deep Elf Hunter began the quest for the Orb.
     0 | D:1      | Reached XP level 1. HP: 12/12 MP: 3/3
     0 | D:1      | 0 ||| qw: Version: 0.3-a-22-g0ed2b0b
     0 | D:1      | 0 ||| qw: Game counter: 5235
     0 | D:1      | 0 ||| qw: Melee chars always use a shield: true
     0 | D:1      | 0 ||| qw: God list: Okawaru
     0 | D:1      | 0 ||| qw: Allow faded altars: false
     0 | D:1      | 0 ||| qw: Do Orc after clearing Dungeon:15 true
     0 | D:1      | 0 ||| qw: Do second Lair branch before Depths: true
     0 | D:1      | 0 ||| qw: Lair rune preference: random
     0 | D:1      | 0 ||| qw: Goals: Normal
     0 | D:1      | 0 ||| PLANNING D:1-11
    30 | D:1      | Found Emoz's Distillery.
    39 | D:1      | 39 ||| SHOPLISTING 2 potions of might (104 gold, have 0).
    39 | D:1      | 39 ||| SHOPLISTING potion of curing (39 gold, have 0).
    39 | D:1      | 39 ||| SHOPLISTING potion of might (52 gold, have 0).
    50 | D:1      | Reached XP level 2. HP: 16/16 MP: 4/4
    85 | D:1      | Reached skill level 6 in Ranged Weapons
   597 | D:1      | Reached XP level 3. HP: 20/20 MP: 5/5
   875 | D:1      | 875 ||| UPGRADING to +2 leather armour of willpower.
   885 | D:1      | 885 ||| DROPPING +0 leather armour.
   886 | D:1      | 886 ||| UPGRADING to amulet of regeneration.
   891 | D:1      | 891 ||| READING scroll labelled VUERCH TUOW.
   892 | D:1      | 892 ||| READING scroll labelled KOHAGI DOWUKAZE.
   896 | D:1      | 896 ||| DROPPING scroll of butterflies.
   969 | D:2      | Identified the +2 mace of Iguarr {drain, MP+9}
  1252 | D:2      | Reached skill level 7 in Ranged Weapons
  1554 | D:2      | 1554 ||| UPGRADING to +0 pair of gloves.
  1559 | D:2      | 1559 ||| UPGRADING to ring of positive energy.
  1560 | D:2      | 1560 ||| READING scroll labelled PEXUTO ESAGYMA.
  1561 | D:2      | 1561 ||| READING scroll labelled QOIWOA LOGGOSM.
  1677 | D:3      | Reached XP level 4. HP: 23/25 MP: 6/6
  1693 | D:3      | Identified the +3 short sword "Doef" {heavy, rElec rPois}
  1920 | D:3      | Found a glowing silver altar of Zin.
  2119 | D:3      | Reached skill level 8 in Ranged Weapons
  2438 | D:3      | Found a hazy altar of Hepliaklqana.
  2586 | D:3      | 2586 ||| READING scroll labelled YNAESI WUXT.
  2587 | D:3      | 2587 ||| READING scroll labelled REHAFU KEESK.
  2588 | D:3      | 2588 ||| DRINKING 2 fuming ruby potions.
  2589 | D:3      | 2589 ||| DROPPING potion of brilliance.
  2753 | D:4      | Reached XP level 5. HP: 29/29 MP: 7/7
  2848 | D:4      | 2848 ||| Stepping ~*~*~tactically~*~*~ (outnumbered).
  2851 | D:4      | Reached skill level 9 in Ranged Weapons
  2852 | D:4      | Noticed an ogre
  2856 | D:4      | HP: 7/29 [gnoll/+0 spear[a gnoll bouda] (4)]
  2857 | D:4      | HP: 2/29 [gnoll/+0 spear[a gnoll bouda] (4)]
  2858 | D:4      | Slain by a gnoll bouda

Levels and vault maps discovered:
D:1:      eino_arrival_water_cross, layout_basic, serial_shops, shop
D:2:      layout_loops_cross
D:3:      layout_basic, mainiacjoe_overflow_big_doors, serial_curves,
          eino_curves_03, eino_curves_03
D:4:      layout_loops_cross

Skill      XL: |  1  2  3  4  5 |
---------------+----------------+-----
Ranged Weapons | 6 7 8 9 |  9.0
Fighting       | |  1.5
Dodging        | |  2.4
Stealth        | |  1.2

Action                     |  1- 3 |  4- 6 || total
---------------------------+-------+-------++-------
   Fire: Shortbow          |   123 |    92 ||   215
    Use: Scroll            |     4 |     2 ||     6
         Potion            |       |     1 ||     1
 Armour: Leather armour    |    11 |    11 ||    22
  Dodge: Dodged            |    27 |    21 ||    48

Table legend:
 A = Non-vault XP
 B = Vault XP
 C = Vault XP percentage of total XP
 D = Non-vault monster count
 E = Vault monster count
 F = Vault count percentage of total count
                 A         B        C        D         E       F
            +---------+---------+-------+---------+---------+-------
      Total |     284 |       0 |   0.0 |      69 |       0 |   0.0
            +---------+---------+-------+---------+---------+-------
        D:1 |      45 |       0 |   0.0 |      26 |       0 |   0.0
        D:2 |      24 |       0 |   0.0 |      11 |       0 |   0.0
        D:3 |     117 |       0 |   0.0 |      25 |       0 |   0.0
        D:4 |      98 |       0 |   0.0 |       7 |       0 |   0.0
            +---------+---------+-------+---------+---------+-------
